 Dungeon Crawl Stone Soup version 0.14.0-7-g2801ba0 (webtiles) character file.

356 Ragg the Cudgeler (level 6, -5/38 HPs)
             Began as a Gargoyle Berserker on Apr 13, 2014.
             Was an Elder of Trog.
             Slain by an ogre
             ... wielding a +0,+0 giant club
              (19 damage)
             ... on Level 4 of the Dungeon.
             The game lasted 00:09:42 (2965 turns).

Ragg the Cudgeler (Gargoyle Berserker)              Turns: 2965, Time: 00:09:42

HP  -5/38        AC 17     Str 22      XL: 6   Next: 19%
MP   6/6         EV 10     Int  8      God: Trog [****..]
Gold 93          SH  0     Dex  9      Spells:  0 memorised,  5 levels left

rFire  . . .     SeeInvis .     a - +0 mace
rCold  . . .     Clarity  +     z - +0 ring mail (curse)
rNeg   + . .     Conserve .     (no shield)
rPois  +         rCorr    .     p - +0 helmet
rElec  +         rRot     +     s - +0 cloak
SustAb . .       Spirit   .     (no gloves)
rMut   .         Warding  .     f - +0 pair of boots
Saprov . . .     Stasis   .     r - amulet of clarity {unknown}
MR     +....                    F - +4 ring of protection
                                B - ring of protection from magic {unknown}

@: somewhat resistant to hostile enchantments, extremely unstealthy
A: life protection 1, electricity resistance, unbreathing, petrification
resistance, AC +4
a: Burn Spellbooks, Berserk, Trog's Hand, Brothers in Arms, Renounce Religion


You were on level 4 of the Dungeon.
You worshipped Trog.
Trog was greatly pleased with you.
You were not hungry.

You visited 1 branch of the dungeon, and saw 4 of its levels.

You collected 93 gold pieces.

Inventory:

Hand weapons
 a - a +0,+0 mace (weapon)
Missiles
 w - 44 stones (quivered)
Armour
 f - a +0 pair of boots (worn)
 p - a +0 helmet (worn)
 s - a +0 cloak (worn)
 z - a cursed +0 ring mail (worn)
Comestibles
 c - 2 bread rations
 x - a honeycomb
 C - a pear
 D - a rotting chunk of gnoll flesh
 I - a chunk of iguana flesh
Scrolls
 b - a scroll of blinking {unknown}
 e - a scroll of noise {unknown}
 g - a scroll of magic mapping {unknown}
 i - 2 scrolls of teleportation {unknown}
 j - 2 scrolls of remove curse
 l - a scroll of recharging {unknown}
 q - a scroll of random uselessness
 u - a scroll of identify {unknown}
 y - a scroll of fear {unknown}
 A - a scroll of immolation {unknown}
 G - a scroll of enchant armour {unknown}
 H - a scroll of enchant weapon II {unknown}
Jewellery
 m - an uncursed ring of fire
 r - an amulet of clarity (around neck) {unknown}
 B - a ring of protection from magic (left hand) {unknown}
 F - a +4 ring of protection (right hand)
Potions
 d - a potion of agility {unknown}
 h - 3 potions of haste {unknown}
 k - a potion of lignification {unknown}
 n - a potion of curing {unknown}
 o - a potion of poison {unknown}
 t - a potion of magic {unknown}
 v - a potion of heal wounds {unknown}
 E - a potion of restore abilities {unknown}


   Skills:
 + Level 3.8 Fighting
 + Level 6.8 Maces & Flails
 + Level 2.9 Armour
 - Level 1.5 Dodging


You had 5 spell levels left.
You didn't know any spells.

Dungeon Overview and Level Annotations

Branches:
Dungeon (4/15)             Temple (0/1) D:4

Altars:
Nemelex Xobeh
Xom


Innate Abilities, Weirdness & Mutations

You are resistant to torment.
You are immune to poison.
You are immune to rotting.
Your stone body is very resilient (AC +4).
You resist negative energy.
You are resistant to electric shocks.
You can survive without breathing.
You are immune to petrification.


Message History

You barely miss the ogre. The ogre hits you with a giant club.
You hit the ogre.
The ogre is lightly wounded.
The ogre hits you with a giant club!
You hit the ogre but do no damage.
The ogre is lightly wounded.
You sock the ogre!
The ogre is moderately wounded.
The ogre barely misses you.
You hit the ogre.
The ogre is heavily wounded.
The ogre hits you with a giant club.
You thump the ogre!
The ogre is severely wounded.
The ogre closely misses you.
You hit the ogre.
The ogre is almost dead.
The ogre hits you with a giant club!
Ouch! That really hurt!
You die...

#....# #####.# #.# #....#
#.....###### #... #....#
#.....#....# ..#. ##....####
##.....#.##.# #.#. #........#
#......+.%#.# ..#. #........#
##.##.##.##.######.#.
#........####.........#......#.#.
#........#.................#...#.
#........#.##..⌠@..⌠..#..#.###.#.
#........+ #..O......#..#+#...#.
#........##......>...............
'.......<++.#.........#..>.......
#........## #..⌠...⌠..#..........
....##+#(...............(.).....#
....'..######.........#(##'######
....#### ##.##.##.##..#....#
....# #....#...####.#


You could see an ogre.

Vanquished Creatures
  An iguana (D:4)
  A hound skeleton (D:4)
  4 gnolls (D:3)
  9 adders
  A giant mite (D:1)
  An inept feature mimic (D:3)
  2 worms
  2 oozes
  5 orcs
  9 bats
  8 goblins
  13 hobgoblins
  2 jackals (D:1)
  3 ball pythons (D:2)
  4 giant cockroaches
  4 giant geckos
  5 giant newts
  4 kobolds
  A kobold skeleton (D:4)
  5 rats
  2 plants (D:1)
86 creatures vanquished.

Vanquished Creatures (others)
  A plant (D:1)
1 creature vanquished.

Grand Total: 87 creatures vanquished

Notes
Turn   | Place    | Note
--------------------------------------------------------------
     0 | D:1      | Ragg, the Gargoyle Berserker, began the quest for the Orb.
     0 | D:1      | Reached XP level 1. HP: 14/14 MP: 1/1
   103 | D:1      | Reached XP level 2. HP: 1/19 MP: 2/2
   228 | D:1      | Reached skill level 4 in Maces & Flails
   546 | D:1      | Reached XP level 3. HP: 23/23 MP: 3/3
   577 | D:1      | Acquired Trog's second power
  1292 | D:2      | Found a sparkling altar of Nemelex Xobeh.
  1405 | D:2      | Reached skill level 5 in Maces & Flails
  1664 | D:2      | Reached XP level 4. HP: 14/28 MP: 4/4
  1948 | D:2      | Reached skill level 6 in Maces & Flails
  1950 | D:2      | Reached XP level 5. HP: 27/32 MP: 5/5
  2803 | D:4      | Found a shimmering altar of Xom.
  2848 | D:4      | Found a staircase to the Ecumenical Temple.
  2867 | D:4      | Acquired Trog's third power
  2867 | D:4      | Reached XP level 6. HP: 36/38 MP: 6/6
  2955 | D:4      | Noticed an ogre
  2965 | D:4      | Slain by an ogre

Action                   |  1- 3 |  4- 6 || total
-------------------------+-------+-------++-------
Melee: Mace              |   434 |   210 ||   644
  Use: Scroll            |       |     2 ||     2
